 Dungeon Crawl Stone Soup version 0.31-a0-221-gbddc013574 (webtiles) character file.

Game seed: 11171420964299692687

207 qw the Chopper (level 5, 0/33 HPs)
             Began as a Gargoyle Fighter on July 4, 2023.
             Slain by Duvessa
             ... wielding a +0 short sword
              (2 damage)
             ... on level 4 of the Dungeon.
             The game lasted 00:01:19 (2971 turns).

qw the Chopper (Gargoyle Fighter)                   Turns: 2971, Time: 00:01:19

Health: 0/33       AC: 17    Str: 21    XL:     5   Next: 85%
Magic:  5/5        EV:  5    Int:  9    God:
Gold:   159        SH:  4    Dex:  9    Spells: 4/4 levels left

rFire   . . .        Y - +1 war axe
rCold   . . .        c - +0 buckler
rNeg    + . .        f - +0 plate armour
rPois   inf          m - +0 helmet
rElec   +            (no cloak)
rCorr   .            k - +0 pair of gloves
SInv    .            (no boots)
Will    .....        (no amulet) Stlth
                     (no ring)
HPRegen 0.25/turn    (no ring)
MPRegen 0.09/turn

%: no passive effects
@: no status effects
A: sickness immunity, AC +4, negative energy resistance 1, electricity
resistance, torment resistance 1, petrification resistance
a: no special abilities


You were on level 4 of the Dungeon.
You visited 1 branch of the dungeon, and saw 4 of its levels.

You collected 159 gold pieces.


Innate Abilities, Weirdness & Mutations

You are immune to sickness and miasma.
Your stone body is resilient. (AC +4)
You are immune to poison.
You resist negative energy. (rN+)
You are resistant to electric shocks. (rElec)
You are resistant to unholy torment.
You are immune to petrification.


   Skills:
 - Level 4.0 Fighting
 + Level 5.0 Axes
 - Level 3.2 Armour
 - Level 3.2 Shields


You had 4 spell levels left.
You didn't know any spells.
Your spell library was empty.

Inventory:

Hand Weapons
 l - a +0 flail
 Y - a +1 war axe (weapon)
Armour
 c - a +0 buckler (worn)
 f - a +0 plate armour (worn)
 k - a +0 pair of gloves (worn)
 m - a +0 helmet (worn)
Scrolls
 h - a scroll of identify
Potions
 a - a potion of magic
 d - a potion of might
 e - a potion of curing {unknown}
 g - a potion of brilliance {unknown}
 j - a potion of attraction {unknown}

Dungeon Overview and Level Annotations

Branches:
Dungeon (4/15)
 Temple: D:4-7

Altars:

Annotations:
D:2 1 runed translucent door, Crazy Yiuf
D:4 Duvessa


Message History

The puff of frost hits you but does no damage.
Duvessa hits you but does no damage.
You closely miss Dowan.
Dowan is heavily wounded.
You barely miss Duvessa.
Dowan points at you and mumbles some strange words.
You block the puff of flame. Duvessa hits you but does no damage.
Dowan hits you but does no damage. Duvessa hits you with a +0 short sword.
You barely miss Dowan.
Dowan is heavily wounded.
You slash Duvessa! Duvessa hits you but does no damage.
Dowan hits you but does no damage.
You barely miss Duvessa.
Duvessa is heavily wounded.
You hit Dowan. Dowan hits you but does no damage.
Duvessa hits you but does no damage.
You miss Dowan.
Dowan is severely wounded.
You hit Duvessa. Dowan hits you but does no damage.
Duvessa hits you but does no damage.
You slash Dowan!
You kill Dowan!
Duvessa screams in rage.
Duvessa goes berserk!
You hit Duvessa. Duvessa hits you with a +0 short sword.
Duvessa hits you with a +0 short sword! Duvessa hits you but does no damage.
Your Fighting skill increases to level 4!
You slash Duvessa!
Duvessa is almost dead.
Duvessa hits you with a +0 short sword!
You barely miss Duvessa.
Duvessa is almost dead.
You block Duvessa's attack. Duvessa hits you but does no damage.
You barely miss Duvessa.
Duvessa is almost dead.
Duvessa hits you with a +0 short sword. x2
You hit Duvessa.
Duvessa is almost dead.
Duvessa hits you with a +0 short sword.
You die...

# #. #.###
#....###
......###
#....#.###
#.##...e...#
#.....@....#
#....)<##..#
#......# .#
##......
#........
#.........
#..........
#....>......
#..$#........


You could see Duvessa (berserk).

Vanquished Creatures
  Dowan (D:4)
  An iguana (D:3)
  An orc wizard (D:3)
  A gnoll (D:1)
  2 adders
  4 dart slugs
  7 orcs (D:3)
  5 ball pythons
  4 bats
  4 endoplasms
  3 giant cockroaches
  4 hobgoblins
  7 jackals
  2 quokkas
  2 frilled lizards
  6 goblins
  5 kobolds
  7 rats
66 creatures vanquished.

Notes
Turn   | Place    | Note
-------+----------+-------------------------------------------
     0 | D:1      | qw the Gargoyle Fighter began the quest for the Orb.
     0 | D:1      | Reached XP level 1. HP: 14/14 MP: 1/1
     0 | D:1      | 0 ||| qw: Version: 0.3-a-41-g9d075ac
     0 | D:1      | 0 ||| qw: Game counter: 790
     0 | D:1      | 0 ||| qw: Melee chars always use a shield: true
     0 | D:1      | 0 ||| qw: God list: Okawaru
     0 | D:1      | 0 ||| qw: Allow faded altars: false
     0 | D:1      | 0 ||| qw: Do Orc after clearing Dungeon:15 true
     0 | D:1      | 0 ||| qw: Do second Lair branch before Depths: true
     0 | D:1      | 0 ||| qw: Lair rune preference: random
     0 | D:1      | 0 ||| qw: Goals: Normal, Zot:1-4, Slime:5, God:TSO, Crypt,
                  | Tomb, Abyss, Pan, Hells, Win
     0 | D:1      | 0 ||| PLANNING D:1-11
    14 | D:1      | Reached skill level 2 in Axes
   168 | D:1      | 168 ||| FLEEEEING.
   183 | D:1      | 183 ||| Stepping ~*~*~tactically~*~*~ (hiding).
   192 | D:1      | Reached XP level 2. HP: 19/19 MP: 2/2
   452 | D:1      | 452 ||| Stepping ~*~*~tactically~*~*~ (hiding).
   547 | D:1      | HP: 4/19 [gnoll/+0 flail (6)]
   549 | D:1      | Reached skill level 3 in Axes
   549 | D:1      | Reached XP level 3. HP: 6/23 MP: 3/3
   637 | D:1      | 637 ||| DROPPING +0 club.
   885 | D:1      | 885 ||| UPGRADING to +0 plate armour.
   895 | D:1      | 895 ||| DROPPING +0 scale mail.
   896 | D:1      | 896 ||| UPGRADING to +0 pair of gloves.
   901 | D:1      | 901 ||| UPGRADING to +0 helmet.
   906 | D:1      | 906 ||| READING scroll labelled GOYSAD SOJOI.
   910 | D:1      | 910 ||| READING scroll labelled ZAATONA FIEC.
   938 | D:2      | Found a faded altar of an unknown god.
   942 | D:2      | 942 ||| Stepping ~*~*~tactically~*~*~ (hiding).
  1248 | D:2      | 1248 ||| Stepping ~*~*~tactically~*~*~ (stealth).
  1250 | D:2      | 1250 ||| Stepping ~*~*~tactically~*~*~ (hiding).
  1403 | D:2      | 1403 ||| Stepping ~*~*~tactically~*~*~ (stealth).
  1412 | D:2      | Reached XP level 4. HP: 28/28 MP: 4/4
  1599 | D:2      | Found a runed translucent door.
  1600 | D:2      | Noticed Crazy Yiuf
  1980 | D:2      | 1980 ||| DROPPING +2 hat.
  1981 | D:2      | 1981 ||| READING scroll labelled GAERUDD GICWO.
  1982 | D:2      | 1982 ||| READING scroll labelled PICURPHO ONALL.
  1983 | D:2      | 1983 ||| READING 2 scrolls labelled KACUBBIEWY.
  2039 | D:3      | HP: 5/28 [iguana (10)]
  2040 | D:3      | 2040 ||| READING scroll of teleportation.
  2047 | D:3      | HP: 2/28 [orc/+1 falchion of electrocution (5)]
  2049 | D:3      | Reached skill level 4 in Axes
  2078 | D:3      | 2078 ||| Stepping ~*~*~tactically~*~*~ (stealth).
  2095 | D:3      | 2095 ||| Stepping ~*~*~tactically~*~*~ (stealth).
  2096 | D:3      | 2096 ||| Stepping ~*~*~tactically~*~*~ (stealth).
  2117 | D:3      | 2117 ||| Stepping ~*~*~tactically~*~*~ (stealth).
  2118 | D:3      | 2118 ||| Stepping ~*~*~tactically~*~*~ (stealth).
  2359 | D:3      | 2359 ||| Stepping ~*~*~tactically~*~*~ (stealth).
  2361 | D:3      | 2361 ||| Stepping ~*~*~tactically~*~*~ (stealth).
  2362 | D:3      | 2362 ||| Stepping ~*~*~tactically~*~*~ (stealth).
  2509 | D:3      | 2509 ||| Stepping ~*~*~tactically~*~*~ (stealth).
  2663 | D:3      | Reached XP level 5. HP: 31/32 MP: 5/5
  2854 | D:3      | Reached skill level 5 in Axes
  2918 | D:3      | 2918 ||| READING scroll labelled SIDE GILIRIL.
  2919 | D:3      | 2919 ||| READING scroll labelled KICZIZU QILUN.
  2920 | D:3      | 2920 ||| READING 2 scrolls of identify.
  2920 | D:3      | 2920 ||| IDENTIFYING bubbling white potion
  2957 | D:4      | Noticed Duvessa
  2957 | D:4      | Noticed Dowan
  2967 | D:4      | Killed Dowan
  2970 | D:4      | HP: 6/33 [Duvessa/+0 short sword (4)]
  2970 | D:4      | HP: 2/33 [Duvessa/+0 short sword (4)]
  2971 | D:4      | Slain by Duvessa

Levels and vault maps discovered:
D:1:      giann_horns, layout_basic, nrook_mini_vaults,
          minmay_misc_feat_four_crosses
D:2:      layout_basic, nicolae_ecumenical_pavilion, uniq_crazy_yiuf_cottage
D:3:      layout_loops_ring, grunt_ministairs_7, minivault_26
D:4:      layout_cave_pools, nzn_hepliaklqana_mist_gate, roderic_roman_lattice,
          nicolae_grassy_gnolls, uniq_duvessa

Skill      XL: |  1  2  3  4  5 |
---------------+----------------+-----
Axes           | 2 3 4 5 |  5.0
Fighting       | 4 |  4.0
Armour         | |  3.2
Shields        | |  3.2

Action                     |  1- 3 |  4- 6 || total
---------------------------+-------+-------++-------
  Melee: War axe           |   101 |   114 ||   215
    Use: Scroll            |     2 |     7 ||     9
 Armour: Scale mail        |    37 |       ||    37
         Plate armour      |    37 |    83 ||   120
  Dodge: Dodged            |    36 |    26 ||    62
  Block: Buckler           |    16 |    18 ||    34

Table legend:
 A = Non-vault XP
 B = Vault XP
 C = Vault XP percentage of total XP
 D = Non-vault monster count
 E = Vault monster count
 F = Vault count percentage of total count
                 A         B        C        D         E       F
            +---------+---------+-------+---------+---------+-------
      Total |     212 |      84 |  28.4 |      63 |       3 |   4.5
            +---------+---------+-------+---------+---------+-------
        D:1 |      46 |       0 |   0.0 |      19 |       0 |   0.0
        D:2 |      49 |       0 |   0.0 |      19 |       0 |   0.0
        D:3 |     117 |      15 |  11.4 |      25 |       2 |   7.4
        D:4 |       0 |      69 | 100.0 |       0 |       1 | 100.0
            +---------+---------+-------+---------+---------+-------
